 Dungeon Crawl Stone Soup version 0.28-a0-297-g99b01970c5 (webtiles) character file.

Game seed: 4926284155980829597

25 Arne the Gusty (level 3, -3/19 HPs)
             Began as a Tengu Air Elementalist on Aug 29, 2021.
             Slain by a worm (8 damage)
             ... on level 2 of the Dungeon.
             The game lasted 00:04:56 (1577 turns).

Arne the Gusty (Tengu Air Elementalist)             Turns: 1577, Time: 00:04:57

Health: -3/19      AC:  2    Str:  8    XL:     3   Next: 4%
Magic:  1/7        EV: 11    Int: 16    God:
Gold:   67         SH:  3    Dex: 14    Spells: 5/6 levels left

rFire   . . .      SeeInvis .   c - staff of death
rCold   . . .      Faith    .   f - +0 buckler
rNeg    + . .      Spirit   .   a - +0 robe
rPois   .          Reflect  .   (helmet restricted)
rElec   .          Harm     .   (no cloak)
rCorr   .          Rampage  .   (no gloves)
Will    .....                   (boots unavailable)
Stlth   ++........              (no amulet)
HPRegen 0.06/turn               (no ring)
MPRegen 0.10/turn               (no ring)

@: no status effects
A: beak, talons 3
a: no special abilities


You were on level 2 of the Dungeon.
You visited 1 branch of the dungeon, and saw 2 of its levels.

You collected 67 gold pieces.

Inventory:

Armour
 a - a +0 robe (worn)
 f - a +0 buckler (worn)
 g - a +0 chain mail
Magical Staves
 c - a staff of death (weapon)
Scrolls
 b - a scroll of teleportation {unknown}
 e - a scroll of enchant weapon {unknown}
Potions
 d - a potion of curing {unknown}
 h - a potion of magic {unknown}


   Skills:
 * Level 1.1 Staves
 + Level 0.1 Armour
 + Level 2.2 Dodging
 + Level 2.0 Stealth
 - Level 0.4 Unarmed Combat
 + Level 2.1 Spellcasting
 + Level 1.3 Conjurations
 * Level 0.5 Necromancy
 + Level 4.4 Air Magic
 * Level 0.5 Evocations


You had 5 spell levels left.
You knew the following spells:

 Your Spells              Type           Power      Damage    Failure   Level
a - Shock                 Conj/Air       44%        1d5       11%         1

Your spell library contained the following spells:

 Spells                   Type           Power      Damage    Failure   Level
 Static Discharge         Conj/Air       11%        N/A       16%         2
 Swiftness                Air            16%        N/A       16%         3
 Freeze                   Ice            4%         1d3       34%         1
 Airstrike                Air            8%         N/A       47%         4


Dungeon Overview and Level Annotations

Branches:
Dungeon (2/15)

Altars:


Innate Abilities, Weirdness & Mutations

You have a beak for a mouth.
You have claws for feet.


Message History

The zap misses the kobold.
Casting: Shock (safe; 11% risk of failure)
Confirm with . or Enter, or press ? or * to list all spells.
You don't have enough magic to cast this spell.
The kobold blocks your attack.
You peck the kobold, but do no damage.
The kobold is severely wounded.
You block the kobold's attack.
You miss the kobold.
The kobold is severely wounded.
You block the kobold's attack. x2
You closely miss the kobold.
The kobold is severely wounded.
The kobold barely misses you.
You miss the kobold. Your kick misses the kobold.
The kobold is severely wounded.
The kobold barely misses you. The worm closely misses you.
You hit the kobold.
You kill the kobold!
You see here a ball python corpse.
You see here 8 bolts.
Casting: Shock (safe; 11% risk of failure)
Confirm with . or Enter, or press ? or * to list all spells.
Aiming: Shock (safe; 11% risk of failure)
Press: ? - help, Shift-Dir - straight line The zap hits the worm.
The worm is lightly wounded.
The zap hits the worm.
The worm is moderately wounded.
Casting: Shock (safe; 11% risk of failure)
Confirm with . or Enter, or press ? or * to list all spells.
Aiming: Shock (safe; 11% risk of failure)
Press: ? - help, Shift-Dir - straight line The zap hits the worm.
The worm is heavily wounded.
The zap hits the worm.
The worm is severely wounded.
You hit the worm.
The worm is severely wounded.
The worm bites you!
You die...

####.####.#
#......##.#
####......##.#
......)...##.#
##........##.#
..........##.###
.......†..##...###
......†......(...#
...........##..w@#
.....##.##.#.....#
.............[#..####
............†##.....+
....#.#.###......###
###.#.#.# ###....#
#.#...# #....######
###.##..# #....#....#
.... ..###
#†...#....#


You could see a worm.

Vanquished Creatures
  2 bats (D:2)
  An endoplasm (D:1)
  A goblin (D:2)
  5 hobgoblins
  5 ball pythons
  5 frilled lizards
  3 kobolds
  2 rats (D:1)
24 creatures vanquished.

Notes
Turn   | Place    | Note
-------+----------+-------------------------------------------
     0 | D:1      | Arne the Tengu Air Elementalist began the quest for the
                  | Orb.
     0 | D:1      | Reached XP level 1. HP: 10/10 MP: 4/4
   506 | D:1      | Reached XP level 2. HP: 6/15 MP: 6/6
   705 | D:1      | Found a faded altar of an unknown god.
   710 | D:1      | Got Plato's Incunabulum of Snow
  1240 | D:2      | Reached skill level 1 in Staves
  1539 | D:2      | Reached XP level 3. HP: 2/19 MP: 1/7
  1577 | D:2      | Slain by a worm

Illustrated notes

Levels and vault maps discovered:
D:1:      giann_forest_graveyard, layout_basic,
          shapermc_ecumenical_altar_rom_forum
D:2:      layout_basic, minmay_tromino_v2

Skill      XL: |  1  2 |
---------------+-------+-----
Staves         | 1 |  1.1
Armour         | |  0.1
Dodging        | |  2.2
Stealth        | |  2.0
Unarmed Combat | |  0.4
Spellcasting   | |  2.1
Conjurations   | |  1.3
Necromancy     | |  0.5
Air Magic      | |  4.4
Evocations     | |  0.5

Action                   || total
-------------------------++-------
Melee: Staff             ||    49
       Unarmed           ||     5
       Kick              ||     7
       Peck              ||     6
 Cast: Shock             ||    17
 Stab: Sleeping          ||     2
Armor: Robe              ||     2
       Chain mail        ||    30
Dodge: Dodged            ||    22
Block: Buckler           ||    12

Table legend: (Time is in decaauts)
 A = Elapsed time spent in this place.
 B = Non-inter-level travel time spent in this place.
 C = Inter-level travel time spent in this place.
 D = Time resting spent in this place.
 E = Time spent auto-exploring this place.
 F = Levels seen in this place.
 G = Mean time per level.
                   A        B        C        D        E       F      G
               +--------+--------+--------+--------+--------+-----+--------+
         Total |   1586 |   1550 |     36 |      0 |   1153 |   2 |  793.0 |
       Dungeon |   1586 |   1550 |     36 |      0 |   1153 |   2 |  793.0 |
               +--------+--------+--------+--------+--------+-----+--------+

Top non-repeatable levels by time:
     D:1: 1239 daAuts
     D:2: 347 daAuts
